 Dungeon Crawl Stone Soup version 0.31-a0-692-gf03d1854d5 (webtiles) character file.

Game seed: 16992546934389816196

1950 qw the Skirmisher (level 9, -3/56 HPs)
             Began as a Gargoyle Hunter on Sept 6, 2023.
             Was a Follower of Okawaru.
             Killed from afar by a gargoyle (20 damage)
             ... with a stone arrow
             ... on level 5 of the Dungeon.
             The game lasted 00:03:05 (5280 turns).

qw the Skirmisher (Gargoyle Hunter)                 Turns: 5280, Time: 00:03:06

Health: -3/56      AC: 14    Str: 16    XL:     9   Next: 18%
Magic:  10/12      EV: 14    Int:  9    God:    Okawaru [*.....]
Gold:   1136       SH:  0    Dex: 17    Spells: 8/8 levels left

rFire   . . .        Y - +1 shortbow
rCold   . . .        (shield currently unavailable)
rNeg    + . .        i - +0 ring mail
rPois   inf          (no helmet)
rElec   +            (no cloak)
rCorr   .            g - +0 pair of gloves
SInv    .            (no boots)
Will    .....        e - amulet of regeneration
Stlth   +++          (no ring)
HPRegen 1.09/turn    (no ring)
MPRegen 0.13/turn

%: no passive effects
@: about to teleport, heroic
A: sickness immunity, AC +6, negative energy resistance 1, electricity
resistance, torment resistance 1, petrification resistance
a: Renounce Religion, Heroism


You were on level 5 of the Dungeon.
You worshipped Okawaru.
Okawaru was aware of your devotion.
You visited 2 branches of the dungeon, and saw 6 of its levels.

You collected 1136 gold pieces.


Innate Abilities, Weirdness & Mutations

You are immune to sickness and miasma.
Your stone body is resilient. (AC +6)
You are immune to poison.
You resist negative energy. (rN+)
You are resistant to electric shocks. (rElec)
You are resistant to unholy torment.
You are immune to petrification.


   Skills:
 + Level 6.3(11.3) Fighting
 - Level 10.0(15.0) Ranged Weapons
 - Level 2.2(7.2) Armour
 - Level 2.0(7.0) Dodging
 - Level 1.1(6.1) Stealth
 - Level 4.2 Invocations


You had 8 spell levels left.
You didn't know any spells.
Your spell library was empty.

Inventory:

Hand Weapons
 Y - a +1 shortbow (weapon)
Armour
 g - a +0 pair of gloves (worn)
 i - a +0 ring mail (worn)
Jewellery
 e - an amulet of regeneration (around neck)
Scrolls
 f - a scroll of identify
Potions
 a - 2 potions of resistance
 b - a potion of curing
 d - 2 potions of haste
 j - 2 potions of heal wounds
 l - a potion of berserk rage {unknown}

Dungeon Overview and Level Annotations

Branches:
Dungeon (5/15)             Temple (1/1) D:4

Altars:
Cheibriados
Dithmenos
Elyvilon
Fedhas
Hepliaklqana
Kikubaaqudgha
Makhleb
Okawaru
Qazlal
Ru
Sif Muna
Trog
Uskayaw
Vehumet
Wu Jian
Yredelemnul
Zin
The Shining One

Annotations:
D:3 1 runed translucent door, Crazy Yiuf


Message History

You destroy the phantom!
Okawaru accepts your kill.
You start resting.
HP restored.
You feel like a meek peon again.
You see here a water moccasin corpse.
c - a scroll of teleportation You open the door.
A gargoyle comes into view. It is wielding a +0 morningstar.
The gargoyle moves out of view.
Found a scroll of teleportation and 19 gold pieces.
A gargoyle and an orc wizard come into view.
Found four items.
The orc wizard shouts!
You shoot an arrow.
The arrow hits the gargoyle but does no damage.
The gargoyle hits you with a +0 morningstar!
The orc wizard casts a spell.
The orc wizard flickers and vanishes!
Deactivating autopickup; reactivate with Ctrl-A.
You shoot an arrow.
The arrow hits the gargoyle but does no damage.
The gargoyle hits you with a +0 morningstar!
5276 ||| INVOKING Heroism.
You gain the combat prowess of a mighty hero.
The gargoyle hits you with a +0 morningstar!
You shoot an arrow. The arrow hits the gargoyle.
The gargoyle is lightly damaged.
The gargoyle hits you with a +0 morningstar!
5278 ||| READING scroll of teleportation.
As you read the scroll of teleportation, it crumbles to dust.
You feel strangely unstable.
The gargoyle hurls a stone arrow at you.
The stone arrow misses you.
You shoot an arrow. The arrow closely misses the gargoyle.
You shoot an arrow. The arrow hits the gargoyle.
The gargoyle is lightly damaged.
The gargoyle hurls a stone arrow at you.
The stone arrow hits you!!
You die...

#.# #'###..#..#..#..#. #.#
#......#.....#.... ##.##########
#...)..#.....#....
............#####################
##...............................
##########.##...................
###### #.#####################
.....# #.# #...[..#.....#....
####.# #.# #@.....#.....#.... #.#
#.# #9###..#.%#..#..#. #)# #.#
#?= #..#..#..#..#. #.# #.#
#.).#.....#.....#. #.# #.#
#$?$#.....#.....#.
####.######.#####################
#..................#
..##.######.######.# ###..# #...#
#.###########


You could see a gargoyle.

Vanquished Creatures
  Grinder (D:3)
  Eustachio (D:4)
  A water moccasin (D:5)
  A black bear (D:5)
  An ogre (D:4)
  A centaur (D:5)
  2 phantoms (D:5)
  4 scorpions
  2 sleepcaps
  6 hounds (D:5)
  5 orc priests
  3 iguanas
  Ijyb (D:4)
  5 orc wizards
  Natasha (thrice) (D:3)
  6 gnolls (D:4)
  6 adders
  An ufetubus (D:5)
  2 worms
  4 dart slugs
  12 orcs
  7 bats
  9 endoplasms
  2 giant cockroaches (D:4)
  4 goblins
  5 hobgoblins
  3 jackals (D:1)
  4 quokkas
  6 ball pythons
  9 frilled lizards
  8 kobolds
  2 rats (D:1)
127 creatures vanquished.

Notes
Turn   | Place    | Note
-------+----------+-------------------------------------------
     0 | D:1      | qw the Gargoyle Hunter began the quest for the Orb.
     0 | D:1      | Reached XP level 1. HP: 12/12 MP: 1/1
     0 | D:1      | 0 ||| qw: Version: 0.3-a-76-g4403597
     0 | D:1      | 0 ||| qw: Game counter: 151
     0 | D:1      | 0 ||| qw: Melee chars always use a shield: true
     0 | D:1      | 0 ||| qw: God list: Okawaru
     0 | D:1      | 0 ||| qw: Allow faded altars: false
     0 | D:1      | 0 ||| qw: Do Orc after clearing Dungeon:15 true
     0 | D:1      | 0 ||| qw: Do second Lair branch before Depths: true
     0 | D:1      | 0 ||| qw: Lair rune preference: random
     0 | D:1      | 0 ||| qw: Goals: Normal
     0 | D:1      | 0 ||| PLANNING D:1-11
   109 | D:1      | Reached XP level 2. HP: 15/17 MP: 2/2
   378 | D:1      | Reached XP level 3. HP: 21/21 MP: 3/3
   394 | D:1      | Reached skill level 5 in Ranged Weapons
   626 | D:1      | 626 ||| UPGRADING to +0 pair of gloves.
   631 | D:1      | 631 ||| UPGRADING to +0 ring mail.
   641 | D:1      | 641 ||| DROPPING +0 leather armour.
   642 | D:1      | 642 ||| DROPPING ring of magical power.
   643 | D:1      | 643 ||| READING scroll labelled VASERO ENNI.
   644 | D:1      | 644 ||| READING 3 scrolls labelled PUEHULLALU.
   645 | D:1      | 645 ||| DRINKING 2 inky potions.
   646 | D:1      | 646 ||| READING 2 scrolls of identify.
   646 | D:1      | 646 ||| IDENTIFYING viscous inky potion
   647 | D:1      | 647 ||| DROPPING scroll of butterflies.
   797 | D:2      | You fall into a shaft and drop 1 floor!
   800 | D:3      | Noticed Natasha
   804 | D:3      | Killed Natasha
   805 | D:3      | Reached XP level 4. HP: 27/27 MP: 4/4
   899 | D:3      | 899 ||| READING scroll labelled UXZIUL HEAGU.
   899 | D:3      | Identified a scroll of acquirement
   899 | D:3      | 899 ||| ACQUIRING 895 gold pieces
   899 | D:3      | Acquired 895 gold pieces
  1320 | D:2      | 1320 ||| READING 2 scrolls labelled MIMEGHACS PIYM.
  1323 | D:2      | 1323 ||| DRINKING 3 ruby potions.
  1324 | D:2      | 1324 ||| DRINKING 2 orange potions.
  1343 | D:3      | Noticed Natasha
  1354 | D:3      | Killed Natasha
  1355 | D:3      | Reached skill level 3 in Fighting
  1503 | D:3      | Noticed Grinder
  1520 | D:3      | 1520 ||| READING scroll of teleportation.
  1659 | D:3      | Reached XP level 5. HP: 32/32 MP: 5/5
  1693 | D:3      | Noticed Natasha
  1699 | D:3      | 1699 ||| FLEEEEING.
  1710 | D:3      | Killed Natasha
  2004 | D:3      | Killed Grinder
  2005 | D:3      | Reached skill level 6 in Ranged Weapons
  2005 | D:3      | Reached XP level 6. HP: 29/37 MP: 6/6
  2120 | D:3      | 2120 ||| Stepping ~*~*~tactically~*~*~ (outnumbered).
  2122 | D:3      | 2122 ||| RETREATING.
  2123 | D:3      | 2123 ||| Stepping ~*~*~tactically~*~*~ (outnumbered).
  2139 | D:3      | 2139 ||| DRINKING potion of curing.
  2139 | D:3      | 2139 ||| (to cure confusion)
  2153 | D:3      | Reached skill level 7 in Ranged Weapons
  2153 | D:3      | Reached XP level 7. HP: 38/43 MP: 7/7
  2468 | D:3      | Found a runed translucent door.
  2469 | D:3      | Noticed Crazy Yiuf
  2632 | D:3      | 2632 ||| READING scroll labelled BOIQOO POUCAR.
  2633 | D:3      | 2633 ||| READING scroll labelled XAUMOSKAFF.
  2945 | D:4      | Found a staircase to the Ecumenical Temple.
  2946 | D:4      | 2946 ||| PLANNING TEMPLE
  2946 | D:4      | 2946 ||| READING scroll labelled IRCHOE NUSCH.
  2947 | D:4      | Noticed Eustachio
  2956 | D:4      | 2956 ||| Stepping ~*~*~tactically~*~*~ (retreating).
  2957 | D:4      | 2957 ||| Stepping ~*~*~tactically~*~*~ (retreating).
  2958 | D:4      | 2958 ||| Stepping ~*~*~tactically~*~*~ (retreating).
  2959 | D:4      | 2959 ||| Stepping ~*~*~tactically~*~*~ (retreating).
  2960 | D:4      | 2960 ||| Stepping ~*~*~tactically~*~*~ (retreating).
  3057 | D:4      | 3057 ||| FLEEEEING.
  3058 | D:4      | 3058 ||| FLEEEEING.
  3064 | D:4      | Killed Eustachio
  3065 | D:4      | Reached skill level 8 in Ranged Weapons
  3145 | Temple   | Entered the Ecumenical Temple
  3146 | Temple   | 3146 ||| PLANNING OKAWARU WORSHIP
  3150 | Temple   | Became a worshipper of Warmaster Okawaru
  3151 | Temple   | 3151 ||| PLANNING D:1-11
  3177 | D:4      | Noticed Ijyb
  3181 | D:4      | 3181 ||| DRINKING potion of curing.
  3181 | D:4      | 3181 ||| (to cure confusion)
  3234 | D:4      | Killed Ijyb
  3355 | D:4      | 3355 ||| Stepping ~*~*~tactically~*~*~ (outnumbered).
  3357 | D:4      | 3357 ||| Stepping ~*~*~tactically~*~*~ (outnumbered).
  3745 | D:4      | Reached XP level 8. HP: 49/49 MP: 8/8
  4150 | D:4      | 4150 ||| UPGRADING to amulet of regeneration.
  4155 | D:4      | 4155 ||| READING 4 scrolls of identify.
  4155 | D:4      | 4155 ||| IDENTIFYING smoky orange potion
  4156 | D:4      | 4156 ||| READING 3 scrolls of identify.
  4156 | D:4      | 4156 ||| IDENTIFYING sedimented inky potion
  4157 | D:4      | 4157 ||| READING 2 scrolls of identify.
  4157 | D:4      | 4157 ||| IDENTIFYING yellow potion
  4158 | D:4      | 4158 ||| DROPPING potion of lignification.
  4159 | D:4      | 4159 ||| DROPPING potion of invisibility.
  4160 | D:4      | 4160 ||| DROPPING potion of attraction.
  4180 | D:5      | Entered Level 5 of the Dungeon
  4181 | D:5      | 4181 ||| STAIRDANCE
  4188 | D:5      | 4188 ||| STAIRDANCE
  4423 | D:5      | Reached * piety under Okawaru
  4424 | D:5      | Reached skill level 9 in Ranged Weapons
  4530 | D:5      | Reached skill level 1 in Invocations
  4708 | D:5      | Found an ancient bone altar of Kikubaaqudgha.
  4894 | D:5      | 4894 ||| READING scroll labelled KIRAVAMU ROIGO.
  4895 | D:5      | 4895 ||| READING scroll labelled GERONO OTSEOFE.
  4906 | D:5      | 4906 ||| INVOKING Heroism.
  4911 | D:5      | Reached skill level 6 in Fighting
  4926 | D:5      | 4926 ||| INVOKING Heroism.
  4962 | D:5      | 4962 ||| RETREATING.
  4966 | D:5      | 4966 ||| Stepping ~*~*~tactically~*~*~ (retreating).
  4967 | D:5      | 4967 ||| Stepping ~*~*~tactically~*~*~ (retreating).
  4979 | D:5      | Reached skill level 3 in Invocations
  5014 | D:5      | 5014 ||| INVOKING Heroism.
  5087 | D:5      | Reached XP level 9. HP: 50/55 MP: 10/12
  5091 | D:5      | 5091 ||| FLEEEEING.
  5092 | D:5      | 5092 ||| FLEEEEING.
  5093 | D:5      | 5093 ||| FLEEEEING.
  5094 | D:5      | 5094 ||| FLEEEEING.
  5175 | D:5      | 5175 ||| Invisibility monster not found???
  5240 | D:5      | 5240 ||| INVOKING Heroism.
  5242 | D:5      | Reached skill level 10 in Ranged Weapons
  5272 | D:5      | Noticed a gargoyle
  5276 | D:5      | 5276 ||| INVOKING Heroism.
  5277 | D:5      | HP: 14/56 [gargoyle/+0 morningstar (17)]
  5278 | D:5      | 5278 ||| READING scroll of teleportation.
  5280 | D:5      | Killed from afar by a gargoyle

Levels and vault maps discovered:
D:1:      evilmike_arrival_hilbert_curve, layout_rooms
D:2:      layout_basic
D:3:      layout_loops_corners, roderic_lattice_a,
          hangedman_decor_diamond_cutter, uniq_grinder, uniq_natasha,
          uniq_crazy_yiuf_cottage
D:4:      layout_basic, minmay_temple_entry_glassed_door, uniq_ijyb,
          uniq_eustachio
D:5:      kennysheep_windowed_halls, layout_loops_ring,
          mainiacjoe_overflow_24_doors
Temple:   nicolae_temple_bog_church

Skill      XL: |  1  2  3  4  5  6  7  8  9 |
---------------+----------------------------+-----
Ranged Weapons | 5 6 7 8 9 10 | 10.0
Armour         | 2 |  2.2
Fighting       | 3 4 5 6 |  6.3
Dodging        | 2 |  2.0
Invocations    | 4 |  4.2
Stealth        | |  1.1

Action                     |  1- 3 |  4- 6 |  7- 9 || total
---------------------------+-------+-------+-------++-------
   Fire: Shortbow          |    94 |   147 |   571 ||   812
 Invoke: Heroism           |       |       |     5 ||     5
    Use: Scroll            |     3 |     3 |     9 ||    15
         Potion            |     1 |     3 |     1 ||     5
 Armour: Leather armour    |    19 |       |       ||    19
         Ring mail         |     1 |    39 |   333 ||   373
         Skin              |       |    12 |       ||    12
  Dodge: Dodged            |    23 |    25 |   324 ||   372

Table legend:
 A = Non-vault XP
 B = Vault XP
 C = Vault XP percentage of total XP
 D = Non-vault monster count
 E = Vault monster count
 F = Vault count percentage of total count
                 A         B        C        D         E       F
            +---------+---------+-------+---------+---------+-------
      Total |    1368 |    1419 |  50.9 |     105 |      22 |  17.3
            +---------+---------+-------+---------+---------+-------
        D:1 |      45 |       0 |   0.0 |      28 |       0 |   0.0
        D:2 |      30 |       0 |   0.0 |      11 |       0 |   0.0
        D:3 |     261 |     297 |  53.2 |      22 |       2 |   8.3
        D:4 |     608 |     227 |  27.2 |      33 |       2 |   5.7
        D:5 |     424 |     895 |  67.9 |      11 |      18 |  62.1
            +---------+---------+-------+---------+---------+-------
